[Event "XX Gran Hotel Bali-B 2023"]
[Site "Benidorm"]
[Date "2023.12.05"]
[Round "6.4"]
[White "Kao, Jamison Edrich"]
[Black "Lorenzo Calvo, Damian Angel"]
[Result "1/2-1/2"]
[ECO "B31"]
[WhiteElo "1701"]
[BlackElo "1947"]
[Annotator "RC"]
[PlyCount "176"]
[EventDate "2023.12.02"]
[EventType "swiss"]
[EventCountry "ESP"]
[SourceTitle "playchess.com"]
[Source "ChessBase"]
[SourceQuality "1"]
[TimeControl "5400+30"]

1. e4 c5 2. Nf3 Nc6 3. Bb5 g6 4. Bxc6 dxc6 5. d3 Bg7 6. h3 e5 7. Be3 b6 8. a3 Qe7 9. Qd2 Be6 10. O-O Rd8 11. Nc3 c4 12. Qe2 cxd3 13. cxd3 Qd7 14. Rad1 Bb3 15. Rd2 c5 16. Nh2 Ne7 17. f4 exf4 18. Bxf4 O-O 19. Nf3 Nc6 20. Qf2 Nd4 21. Re1 Rfe8 22. Qh4 f6 23. Qf2 f5 24. Bg5 Rc8 25. Qh4 fxe4 26. Nxe4 Nxf3+ 27. gxf3 Qf5 28. Kg2 Rf8 29. Qg4 Rce8 30. Rde2 Bd5 31. Qxf5 gxf5 32. Nd6 Rxe2+ 33. Rxe2 f4 34. Be7 Rb8 35. Nf5 Rb7 36. Bg5 Rd7 37. Re7 Bc6 38. Rxg7+ Rxg7 39. Nxg7 Kxg7 40. Bxf4 Bb5 41. Bb8 a6 42. Ba7 Bxd3 43. Bxb6 c4 44. Kg3 Kf6 45. Kf4 Bc2 46. Bd8+ Ke6 47. h4 Kd5 48. Bc7 Bb1 49. Ke3 Bf5 50. Kd2 Kc5 51. Kc3 Bg6 52. Bd8 Bf5 53. Be7+ Kd5 54. Kb4 Bd3 55. Ka5 Kc6 56. Bf6 Kb7 57. Be5 Be2 58. f4 Bd3 59. Bd4 Kc6 60. Kxa6 c3+ 61. Ka5 cxb2 62. Bxb2 Kc5 63. Be5 Kc6 64. Kb4 Kd5 65. Bb8 Kc6 66. Kc3 Bb1 67. Kd4 Kd7 68. Ke5 Bc2 69. Bd6 Bb3 70. Bb4 Kc6 71. Kf6 Kd7 72. h5 Bd1 73. h6 Bb3 74. Kg7 Bc2 75. a4 Ke6 76. a5 Bd3 77. Ba3 Bc4 78. f5+ Kxf5 79. Kf8 Ke6 80. Ke8 Bd3 81. Be7 Ba6 82. Bd8 Kd6 83. Kf7 Kc6 84. Kg7 Bd3 85. Kf6 Kb5 86. Ke5 Ka6 87. Kd6 Bg6 88. Bb6 Bc2 1/2-1/2

[Event "XX Gran Hotel Bali-B 2023"]
[Site "Benidorm"]
[Date "2023.12.05"]
[Round "6.5"]
[White "Lloret Climent, Miguel"]
[Black "Gimeno Simo, Sergio"]
[Result "1-0"]
[ECO "A09"]
[WhiteElo "1954"]
[BlackElo "1845"]
[Annotator "NA RC"]
[PlyCount "41"]
[EventDate "2023.12.02"]
[EventType "swiss"]
[EventCountry "ESP"]
[SourceTitle "playchess.com"]
[Source "ChessBase"]
[SourceQuality "1"]
[TimeControl "5400+30"]

1. Nf3 d5 2. g3 Nf6 3. Bg2 c5 4. c4 d4 5. d3 Nc6 6. O-O Bf5 7. Nh4 Bg6 8. Qa4 Qd7 9. Na3 Rc8 10. Bf4 Bh5 11. Rfe1 h6 12. Bd2 g5 13. Nf3 e5 14. e3 Qf5 15. Nxe5 Bd6 16. Nxc6 bxc6 17. exd4+ Kf8 18. dxc5 Bb8 19. Bc3 Ng4 20. Qc2 Rh7 21. Be4 1-0

[Event "XX Gran Hotel Bali-B 2023"]
[Site "Benidorm"]
[Date "2023.12.05"]
[Round "6.6"]
[White "Sham R"]
[Black "Sanchez Lopez, Jesus"]
[Result "1-0"]
[ECO "C47"]
[WhiteElo "1828"]
[BlackElo "1993"]
[Annotator "RC"]
[PlyCount "115"]
[EventDate "2023.12.02"]
[EventType "swiss"]
[EventCountry "ESP"]
[SourceTitle "playchess.com"]
[Source "ChessBase"]
[SourceQuality "1"]
[TimeControl "5400+30"]

1. e4 e5 2. Nf3 Nc6 3. d4 exd4 4. Nxd4 Nf6 5. Nc3 Nxe4 6. Nxe4 Qe7 7. f3 d5 8. Nxc6 bxc6 9. Bd3 dxe4 10. fxe4 Qh4+ 11. g3 Qf6 12. Bf4 Bc5 13. e5 Qe7 14. Qf3 Rb8 15. O-O-O O-O 16. h4 f5 17. Bc4+ Be6 18. Bg5 Qe8 19. Qc3 Bb4 20. Qd4 Qf7 21. Bb3 Rfe8 22. Rhf1 Bxb3 23. axb3 Qe6 24. Bf4 Re7 25. Rf3 c5 26. Qd3 Rf7 27. Qc4 Qxc4 28. bxc4 Ba5 29. Re3 Re7 30. Rd5 Rbe8 31. h5 h6 32. Red3 Bb6 33. c3 a5 34. Kc2 Kf7 35. Rd1 Re6 36. Rd7+ R8e7 37. Rd8 c6 38. R8d6 Kf8 39. Rxe6 Rxe6 40. Rd7 Kg8 41. Rb7 Bd8 42. Rb8 Re8 43. Rc8 Kf7 44. Rxc6 Re6 45. Rxc5 g5 46. hxg6+ Kxg6 47. Rc8 Bg5 48. c5 Kh5 49. c6 Kg4 50. c7 Rc6 51. Kd3 Kf3 52. Kd4 Be7 53. Kd5 Rc5+ 54. Ke6 Bg5 55. Kd6 Rc4 56. Kd5 Re4 57. Rf8 Bxf4 58. gxf4 1-0

[Event "XX Gran Hotel Bali-B 2023"]
[Site "Benidorm"]
[Date "2023.12.05"]
[Round "6.7"]
[White "Lloret Mauri, Jaime"]
[Black "Conde Chamizo, Pablo"]
[Result "0-1"]
[ECO "B22"]
[WhiteElo "1997"]
[BlackElo "1905"]
[Annotator "NA RC"]
[PlyCount "72"]
[EventDate "2023.12.02"]
[EventType "swiss"]
[EventCountry "ESP"]
[SourceTitle "playchess.com"]
[Source "ChessBase"]
[SourceQuality "1"]
[TimeControl "5400+30"]

1. e4 c5 2. c3 g6 3. d4 cxd4 4. cxd4 d5 5. e5 Nc6 6. Nf3 Bg4 7. Be2 Nh6 8. Be3 Nf5 9. Nc3 e6 10. Qd2 Nxe3 11. fxe3 Bxf3 12. Bxf3 Bh6 13. O-O O-O 14. Rfe1 Qb6 15. Qf2 Rfd8 16. Na4 Qb4 17. Nc5 Nxe5 18. a3 Qb6 19. Be2 Nd7 20. Rf1 f6 21. Kh1 Bg7 22. b4 Nxc5 23. dxc5 Qc7 24. Bf3 b6 25. Rac1 bxc5 26. Rxc5 Qb7 27. Qc2 Qa6 28. Ra1 f5 29. Be2 Qb6 30. Rc1 Bf8 31. Rc3 Bh6 32. Qb3 Rd6 33. g3 d4 34. Rc8+ Rxc8 35. Rxc8+ Kg7 36. Qc4 Qb7+ 0-1

[Event "XX Gran Hotel Bali-B 2023"]
[Site "Benidorm"]
[Date "2023.12.05"]
[Round "6.8"]
[White "Fabre Massana, Miquel"]
[Black "Viciano Barrachina, Aitor"]
[Result "1-0"]
[ECO "B32"]
[WhiteElo "1982"]
[BlackElo "1878"]
[Annotator "NA RC"]
[PlyCount "47"]
[EventDate "2023.12.02"]
[EventType "swiss"]
[EventCountry "ESP"]
[SourceTitle "playchess.com"]
[Source "ChessBase"]
[SourceQuality "1"]
[TimeControl "5400+30"]

1. e4 c5 2. Nf3 Nc6 3. d4 cxd4 4. Nxd4 e5 5. Nb5 d6 6. N1c3 a6 7. Na3 Be6 8. Nd5 Nf6 9. Bg5 Qa5+ 10. Bd2 Qd8 11. Nxf6+ Qxf6 12. Bc4 b5 13. Bd5 Bxd5 14. exd5 Ne7 15. c4 Qg6 16. O-O Qd3 17. Rc1 Nf5 18. Rc3 Qd4 19. Qc2 Be7 20. Rd1 Qg4 21. h3 Qg6 22. cxb5 Nd4 23. Rc8+ Kd7 24. Qc7# 1-0

[Event "XX Gran Hotel Bali-B 2023"]
[Site "Benidorm"]
[Date "2023.12.05"]
[Round "6.9"]
[White "Bethencourt Hernandez, Alberto"]
[Black "Donate Moreno, David"]
[Result "1/2-1/2"]
[ECO "B28"]
[WhiteElo "1869"]
[BlackElo "1951"]
[Annotator "RC"]
[PlyCount "103"]
[EventDate "2023.12.02"]
[EventType "swiss"]
[EventCountry "ESP"]
[SourceTitle "playchess.com"]
[Source "ChessBase"]
[SourceQuality "1"]
[TimeControl "5400+30"]

1. e4 c5 2. Nf3 a6 3. c3 e6 4. d4 d5 5. Bd3 dxe4 6. Bxe4 Nf6 7. Bc2 Nc6 8. a3 h6 9. Bf4 cxd4 10. cxd4 Bd6 11. Be3 O-O 12. Nc3 b5 13. Qd3 Ne7 14. Ne4 Ned5 15. g4 Qc7 16. h4 Bb7 17. Nxf6+ Nxf6 18. Nd2 Rfc8 19. O-O-O Bxh1 20. Rxh1 Qb7 21. Rg1 Rc6 22. g5 hxg5 23. Bxg5 Bh2 24. Bxf6 Rxc2+ 25. Kxc2 Qc7+ 26. Kb1 Bxg1 27. Be5 Qd8 28. Qg3 f6 29. Bf4 Qxd4 30. Bh6 g5 31. hxg5 Qxf2 32. Qc7 Ra7 33. Qc8+ Kh7 34. Qxe6 f5 35. Nb3 Qf4 36. Qf6 Qe4+ 37. Ka2 f4 38. Bf8 a5 39. Nxa5 Qg6 40. Qxf4 Rf7 41. Qh4+ Kg8 42. Bb4 Rf1 43. Bc3 Bb6 44. Qh8+ Kf7 45. Bb4 Qb1+ 46. Kb3 Qd3+ 47. Ka2 Bxa5 48. Qf8+ Kg6 49. Qg8+ Kh5 50. Bxa5 Qb1+ 51. Kb3 Qd1+ 52. Ka2 1/2-1/2

[Event "XX Gran Hotel Bali-B 2023"]
[Site "Benidorm"]
[Date "2023.12.05"]
[Round "6.10"]
[White "Tejedor Barber, Lorenzo"]
[Black "Giron Herranz, Juan"]
[Result "0-1"]
[ECO "B13"]
[WhiteElo "1951"]
[BlackElo "1846"]
[Annotator "NA RC"]
[PlyCount "74"]
[EventDate "2023.12.02"]
[EventType "swiss"]
[EventCountry "ESP"]
[SourceTitle "playchess.com"]
[Source "ChessBase"]
[SourceQuality "1"]
[TimeControl "5400+30"]

1. e4 c6 2. d4 d5 3. exd5 cxd5 4. Bd3 Nc6 5. c3 Nf6 6. Bf4 Bg4 7. Qb3 Qd7 8. h3 Bh5 9. Nd2 e6 10. Ngf3 a6 11. O-O Be7 12. Rfe1 O-O 13. Re3 b5 14. Ne5 Qb7 15. Nxc6 Qxc6 16. Nf3 Nd7 17. a3 Bg6 18. Bxg6 hxg6 19. Rae1 a5 20. Qd1 b4 21. axb4 axb4 22. h4 bxc3 23. bxc3 Ra3 24. Qd3 Rc8 25. Rc1 Bb4 26. h5 gxh5 27. Ng5 Nf6 28. Be5 Rxc3 29. Rxc3 Qxc3 30. Qe2 Qc1+ 31. Kh2 Bd2 32. Bxf6 Bxe3 33. fxe3 gxf6 34. Nh3 Qb1 35. Nf4 Rc1 36. Nxh5 Rh1+ 37. Kg3 Qg6+ 0-1

[Event "XX Gran Hotel Bali-B 2023"]
[Site "Benidorm"]
[Date "2023.12.05"]
[Round "6.11"]
[White "Fernandez Lopez, Francisco J."]
[Black "Castillo Garcia, Adrian"]
[Result "1/2-1/2"]
[ECO "A52"]
[WhiteElo "1835"]
[BlackElo "1974"]
[Annotator "NA RC"]
[PlyCount "99"]
[EventDate "2023.12.02"]
[EventType "swiss"]
[EventCountry "ESP"]
[SourceTitle "playchess.com"]
[Source "ChessBase"]
[SourceQuality "1"]
[TimeControl "5400+30"]

1. d4 Nf6 2. c4 e5 3. dxe5 Ng4 4. Nf3 Bc5 5. e3 Nc6 6. Be2 O-O 7. O-O Ngxe5 8. Nc3 a5 9. Nxe5 Nxe5 10. Qd5 d6 11. b3 Be6 12. Qd2 Qh4 13. Bb2 c6 14. f4 Qh6 15. Ne4 Bb4 16. Qd4 Ng4 17. Bxg4 Bxg4 18. a3 Bc5 19. Nxc5 dxc5 20. Qxc5 Rfd8 21. Bd4 Qg6 22. f5 Qg5 23. Kh1 f6 24. Rf4 Bh5 25. Raf1 a4 26. bxa4 Rxa4 27. Qb6 Rd7 28. Qb3 Ra8 29. Qc3 Rad8 30. c5 Rd5 31. Qe1 Ra8 32. a4 Rxa4 33. Bxf6 Rxf4 34. Bxg5 Rxf1+ 35. Qxf1 Rd1 36. Qxd1 Bxd1 37. h3 Kf7 38. Kg1 h5 39. Kf2 g6 40. f6 Ke6 41. Kg3 Bb3 42. Kf4 Bd5 43. g4 hxg4 44. Kxg4 Ke5 45. Bh4 Ke6 46. Kf4 Kf7 47. Ke5 Be6 48. Kd6 Bxh3 49. Kc7 Bg2 50. Kxb7 1/2-1/2

[Event "XX Gran Hotel Bali-B 2023"]
[Site "Benidorm"]
[Date "2023.12.05"]
[Round "6.12"]
[White "Ceinos Diez, Mariano"]
[Black "Perez Garcia, Juan Angel"]
[Result "0-1"]
[ECO "C46"]
[WhiteElo "1706"]
[BlackElo "1948"]
[Annotator "NA RC"]
[PlyCount "56"]
[EventDate "2023.12.02"]
[EventType "swiss"]
[EventCountry "ESP"]
[SourceTitle "playchess.com"]
[Source "ChessBase"]
[SourceQuality "1"]
[TimeControl "5400+30"]

1. e4 e5 2. Nf3 Nc6 3. Nc3 g6 4. d4 exd4 5. Nd5 Bg7 6. Bg5 Nce7 7. Bc4 c6 8. Nxe7 Nxe7 9. Nxd4 Qa5+ 10. Bd2 Qc5 11. Bxf7+ Kxf7 12. Bc3 Rf8 13. Qd2 Kg8 14. f4 a5 15. O-O-O b5 16. Qd3 b4 17. Nb3 Qb5 18. Qxb5 cxb5 19. Bxg7 Kxg7 20. g3 a4 21. Nc5 Ra7 22. Rd6 Rc7 23. Nd3 b3 24. axb3 axb3 25. c3 Nc6 26. Kd2 b4 27. Rc1 Na5 28. Nxb4 Nc4+ 0-1

[Event "XX Gran Hotel Bali-B 2023"]
[Site "Benidorm"]
[Date "2023.12.06"]
[Round "7.1"]
[White "Navarro Rico, Lluis"]
[Black "Sempere Domenech, Abel"]
[Result "0-1"]
[ECO "A14"]
[WhiteElo "1937"]
[BlackElo "1981"]
[Annotator "NA"]
[PlyCount "140"]
[EventDate "2023.12.02"]
[EventType "swiss"]
[EventCountry "ESP"]
[SourceTitle "playchess.com"]
[Source "ChessBase"]
[SourceQuality "1"]
[TimeControl "5400+30"]

1. Nf3 Nf6 2. g3 e6 3. c4 d5 4. Bg2 Be7 5. O-O O-O 6. b3 c6 7. Bb2 b6 8. Re1 Bb7 9. d4 Ne4 10. Qd3 Nd7 11. Nfd2 Ndf6 12. Nxe4 dxe4 13. Bxe4 Nxe4 14. Qxe4 Qd7 15. Nc3 Bf6 16. Qd3 Qxd4 17. Qxd4 Bxd4 18. e3 Bf6 19. e4 Bd4 20. Rad1 Rfd8 21. Na4 Bxb2 22. Nxb2 c5 23. f3 g5 24. Kf2 Kf8 25. Ke3 Ke7 26. e5 Rxd1 27. Rxd1 h5 28. Nd3 Rg8 29. Nf2 Bc6 30. Rd6 Bb7 31. Rd2 Bc6 32. g4 Rh8 33. Rd6 Bb7 34. Rd3 Bc6 35. gxh5 Rxh5 36. Ng4 Rh3 37. Kf2 Rh8 38. Rd6 Be8 39. Rd2 Bc6 40. Kg3 Rd8 41. Rxd8 Kxd8 42. Nf6 b5 43. Kg4 Ke7 44. cxb5 Bxb5 45. Kxg5 c4 46. bxc4 Bxc4 47. a3 Kf8 48. h4 Be2 49. f4 Kg7 50. h5 Bd3 51. h6+ Kh8 52. Kh4 a5 53. Kg3 a4 54. Kh4 Bc2 55. Kg3 Bd3 56. Kf3 Bc2 57. Ke3 Bb1 58. Kd4 Bc2 59. Kc5 Bb1 60. Kd6 Bc2 61. Ke7 Bf5 62. Kxf7 Bh3 63. Ke7 Bf5 64. Kd6 Bh3 65. Kc5 Bf5 66. Kb4 Bc2 67. f5 exf5 68. e6 f4 69. Kc3 f3 70. e7 Bg6 0-1

[Event "XX Gran Hotel Bali-B 2023"]
[Site "Benidorm"]
[Date "2023.12.06"]
[Round "7.2"]
[White "Talledo Lagos, Cesar Frank"]
[Black "Stanchev, Aleksandar"]
[Result "1/2-1/2"]
[ECO "E24"]
[WhiteElo "1993"]
[BlackElo "1948"]
[Annotator "NA RC"]
[PlyCount "134"]
[EventDate "2023.12.02"]
[EventType "swiss"]
[EventCountry "ESP"]
[SourceTitle "playchess.com"]
[Source "ChessBase"]
[SourceQuality "1"]
[TimeControl "5400+30"]

1. d4 Nf6 2. c4 e6 3. Nc3 Bb4 4. Qc2 c5 5. a3 Bxc3+ 6. bxc3 Nc6 7. Nf3 d6 8. e4 e5 9. d5 Na5 10. Bd3 h6 11. O-O b6 12. Nd2 Ba6 13. Nb3 Nb7 14. f4 exf4 15. Bxf4 Nd7 16. Rae1 Ne5 17. Nd2 O-O 18. Nf3 Re8 19. Bxe5 dxe5 20. Qf2 Nd6 21. Nh4 Bc8 22. h3 a6 23. g4 Ra7 24. Nf3 Qe7 25. Qg3 b5 26. g5 bxc4 27. gxh6 g6 28. Bc2 Kh8 29. Re2 f6 30. Kh2 Rg8 31. Rg2 g5 32. Qf2 Rc7 33. Nd2 Rg6 34. Bd1 Rxh6 35. Bg4 Bxg4 36. Rxg4 Qh7 37. Kg2 f5 38. exf5 Rxh3 39. Nf3 e4 40. Nxg5 Rh2+ 41. Kg3 Rxf2 42. Rxf2 Nxf5+ 43. Kf4 e3 44. Re2 Qh5 45. Reg2 Nh4 46. Rh2 Ng6+ 47. Kg3 Qxh2+ 48. Kxh2 Rd7 49. d6 Kg7 50. Ne4 Kf7 51. Kg2 Rd8 52. Kf1 Ne5 53. Rf4+ Ke6 54. Nxc5+ Kd5 55. Nxa6 Rxd6 56. Rd4+ Kc6 57. Nb4+ Kc5 58. Rxd6 Kxd6 59. Ke2 Ng4 60. Nc2 Kc5 61. Nxe3 Nf6 62. Kf3 Nd7 63. a4 Nb6 64. a5 Na4 65. Nxc4 Kxc4 66. a6 Kxc3 67. Ke4 Nc5+ 1/2-1/2

[Event "XX Gran Hotel Bali-B 2023"]
[Site "Benidorm"]
[Date "2023.12.06"]
[Round "7.3"]
[White "Conde Chamizo, Pablo"]
[Black "Vladut, Matei"]
[Result "1/2-1/2"]
[ECO "D45"]
[WhiteElo "1905"]
[BlackElo "1989"]
[Annotator "NA"]
[PlyCount "93"]
[EventDate "2023.12.02"]
[EventType "swiss"]
[EventCountry "ESP"]
[SourceTitle "playchess.com"]
[Source "ChessBase"]
[SourceQuality "1"]
[TimeControl "5400+30"]

1. c4 c6 2. d4 d5 3. Nc3 e6 4. e3 Nf6 5. Nf3 Nbd7 6. cxd5 exd5 7. Bd3 Bd6 8. Qc2 O-O 9. O-O c5 10. dxc5 Nxc5 11. Rd1 Be6 12. Nd4 Rc8 13. Qb1 Bb8 14. Bf5 Qc7 15. f4 Rfe8 16. b4 Bxf5 17. Nxf5 Nce4 18. Nxe4 Rxe4 19. a3 Qb6 20. Rxd5 Qe6 21. Rb5 a6 22. Nxg7 Kxg7 23. Rg5+ Kf8 24. Bb2 Rxe3 25. Bd4 Bxf4 26. Rc5 Rd8 27. Bxe3 Bxe3+ 28. Kh1 Bxc5 29. bxc5 Qe4 30. Qb6 Qd4 31. Rf1 Kg7 32. Qxb7 Qc4 33. Qf3 Qd4 34. c6 Rc8 35. h3 Qd6 36. Rc1 Rc7 37. Qc3 a5 38. Qxa5 Rxc6 39. Qg5+ Kf8 40. Qh6+ Ke7 41. Re1+ Kd7 42. Qg7 Qd5 43. Qf8 Re6 44. Qxf7+ Kd6 45. Qf8+ Kd7 46. Qf7+ Kd6 47. Qf8+ 1/2-1/2

[Event "XX Gran Hotel Bali-B 2023"]
[Site "Benidorm"]
[Date "2023.12.06"]
[Round "7.4"]
[White "Giron Herranz, Juan"]
[Black "Fabre Massana, Miquel"]
[Result "0-1"]
[ECO "D35"]
[WhiteElo "1846"]
[BlackElo "1982"]
[Annotator "NA RC"]
[PlyCount "90"]
[EventDate "2023.12.02"]
[EventType "swiss"]
[EventCountry "ESP"]
[SourceTitle "playchess.com"]
[Source "ChessBase"]
[SourceQuality "1"]
[TimeControl "5400+30"]

1. d4 d5 2. c4 e6 3. Nc3 c6 4. cxd5 exd5 5. Nf3 Nf6 6. Bg5 Be7 7. e3 Bf5 8. Bd3 Bxd3 9. Qxd3 Nbd7 10. O-O O-O 11. a3 Re8 12. b4 Ne4 13. Bxe7 Qxe7 14. Nd2 Nxd2 15. Qxd2 Nb6 16. Qd3 a6 17. Rfb1 g6 18. a4 Nc4 19. e4 Qg5 20. exd5 cxd5 21. h4 Qh5 22. Re1 Nd6 23. g3 Kf8 24. Rac1 Qf5 25. Qd2 Kg7 26. Re5 Rxe5 27. dxe5 Ne4 28. Nxe4 Qxe4 29. Re1 Qc4 30. e6 Re8 31. Rc1 Qe4 32. exf7 Kxf7 33. Rc7+ Re7 34. Rxe7+ Kxe7 35. Kf1 Kd6 36. a5 d4 37. Qg5 d3 38. Qd8+ Ke6 39. Qe8+ Kd5 40. Qf7+ Kd4 41. f3 Qe2+ 42. Kg1 d2 43. Qf4+ Kc3 44. Qc7+ Kb3 45. Qf7+ Ka3 0-1

[Event "XX Gran Hotel Bali-B 2023"]
[Site "Benidorm"]
[Date "2023.12.06"]
[Round "7.5"]
[White "Gyaneshwar B"]
[Black "Lloret Climent, Miguel"]
[Result "1/2-1/2"]
[ECO "E60"]
[WhiteElo "1712"]
[BlackElo "1954"]
[Annotator "NA"]
[PlyCount "93"]
[EventDate "2023.12.02"]
[EventType "swiss"]
[EventCountry "ESP"]
[SourceTitle "playchess.com"]
[Source "ChessBase"]
[SourceQuality "1"]
[TimeControl "5400+30"]

1. d4 Nf6 2. c4 d6 3. Nf3 g6 4. g3 Bg7 5. Bg2 c6 6. Nc3 Bf5 7. Nh4 Bd7 8. e4 e5 9. dxe5 dxe5 10. Qd6 Qe7 11. Qxe7+ Kxe7 12. Nf3 Nh5 13. b3 Rd8 14. Ba3+ Ke8 15. O-O-O f6 16. Nd2 Bf8 17. Bxf8 Kxf8 18. b4 Na6 19. a3 Nc7 20. c5 Be6 21. Bf1 Ke7 22. Be2 Ng7 23. Kb2 Rd7 24. Nf3 Rad8 25. Rxd7+ Rxd7 26. Rd1 Bg4 27. Rxd7+ Bxd7 28. Nd2 Nge6 29. Nc4 Nd4 30. Bd1 Be6 31. Na5 b6 32. cxb6 axb6 33. Nb3 Kd6 34. Na4 Na8 35. Kc3 Nb5+ 36. Kb2 Bc4 37. Nd2 Bd3 38. Bb3 g5 39. Bc4 Bxc4 40. Nxc4+ Kc7 41. Nc3 Nd4 42. Ne3 Kd6 43. a4 Nc7 44. Nc4+ Ke6 45. Nxb6 Na6 46. Na2 Nf3 47. h3 1/2-1/2

[Event "XX Gran Hotel Bali-B 2023"]
[Site "Benidorm"]
[Date "2023.12.06"]
[Round "7.6"]
[White "Perez Garcia, Juan Angel"]
[Black "Ionita, Emilian-Paul"]
[Result "0-1"]
[ECO "D02"]
[WhiteElo "1948"]
[BlackElo "1899"]
[Annotator "NA RC"]
[PlyCount "144"]
[EventDate "2023.12.02"]
[EventType "swiss"]
[EventCountry "ESP"]
[SourceTitle "playchess.com"]
[Source "ChessBase"]
[SourceQuality "1"]
[TimeControl "5400+30"]

1. d4 Nf6 2. Bf4 e6 3. e3 c5 4. c3 b6 5. Nd2 Bb7 6. Ngf3 Be7 7. h3 O-O 8. Bd3 d5 9. O-O Re8 10. Re1 Ne4 11. Qc2 f5 12. Ne5 Nxd2 13. Qxd2 Nd7 14. Bb5 Nxe5 15. Bxe5 Rf8 16. f3 Bf6 17. Bf4 Qe7 18. Rad1 Rad8 19. Bd3 e5 20. dxe5 Bxe5 21. Qc2 Bc8 22. Bxe5 Qxe5 23. e4 fxe4 24. fxe4 d4 25. Bc4+ Kh8 26. cxd4 cxd4 27. Bd5 Be6 28. Qc4 Bxd5 29. exd5 Qxd5 30. Qxd5 Rxd5 31. Re7 a5 32. Rd3 h6 33. Re4 Rfd8 34. Kf2 Kh7 35. Ke2 b5 36. Rf3 Rc5 37. Kd3 Rc1 38. Rf2 Rd1+ 39. Rd2 Rxd2+ 40. Kxd2 Rf8 41. Ke2 d3+ 42. Kxd3 Rf2 43. Re2 Rxe2 44. Kxe2 Kg6 45. Ke3 Kf5 46. g3 Ke5 47. b3 h5 48. Kd3 Kd5 49. g4 hxg4 50. hxg4 Ke5 51. g5 g6 52. a4 bxa4 53. bxa4 Kd5 54. Kc3 Kc5 55. Kd3 Kb4 56. Ke4 Kxa4 57. Ke5 Kb5 58. Kf6 a4 59. Kxg6 a3 60. Kh7 a2 61. g6 a1=Q 62. g7 Qh1+ 63. Kg6 Qg2+ 64. Kf7 Qf3+ 65. Ke7 Qg4 66. Kf7 Qf5+ 67. Ke7 Qg6 68. Kf8 Qf6+ 69. Kg8 Kc6 70. Kh7 Qf7 71. Kh8 Qh5+ 72. Kg8 Kd7 0-1

[Event "XX Gran Hotel Bali-B 2023"]
[Site "Benidorm"]
[Date "2023.12.06"]
[Round "7.7"]
[White "Lorenzo Calvo, Damian Angel"]
[Black "Sham R"]
[Result "0-1"]
[ECO "A31"]
[WhiteElo "1947"]
[BlackElo "1828"]
[Annotator "NA RC"]
[PlyCount "56"]
[EventDate "2023.12.02"]
[EventType "swiss"]
[EventCountry "ESP"]
[SourceTitle "playchess.com"]
[Source "ChessBase"]
[SourceQuality "1"]
[TimeControl "5400+30"]

1. d4 c5 2. Nf3 cxd4 3. Nxd4 e5 4. Nb3 d5 5. e3 Nf6 6. c4 Nc6 7. Be2 Bb4+ 8. Bd2 dxc4 9. Bxc4 O-O 10. O-O Bd6 11. Nc3 e4 12. h3 Ne5 13. Be2 a6 14. Qc2 Bf5 15. f4 exf3 16. Qxf5 fxe2 17. Nxe2 Nc4 18. Ned4 Qe7 19. Rae1 Ne4 20. Bc3 g6 21. Qg4 h5 22. Qe2 Rac8 23. Qd3 f5 24. Re2 Rfd8 25. Rd1 Bb8 26. Ree1 Qd6 27. Kf1 Qh2 28. Nf3 Qh1+ 0-1

[Event "XX Gran Hotel Bali-B 2023"]
[Site "Benidorm"]
[Date "2023.12.06"]
[Round "7.8"]
[White "Cebrian Flores, Juan Antonio"]
[Black "Kao, Jamison Edrich"]
[Result "0-1"]
[ECO "E04"]
[WhiteElo "1981"]
[BlackElo "1701"]
[Annotator "NA RC"]
[PlyCount "88"]
[EventDate "2023.12.02"]
[EventType "swiss"]
[EventCountry "ESP"]
[SourceTitle "playchess.com"]
[Source "ChessBase"]
[SourceQuality "1"]
[TimeControl "5400+30"]

1. d4 Nf6 2. c4 e6 3. Nf3 d5 4. g3 dxc4 5. Bg2 a6 6. a4 Nc6 7. O-O Rb8 8. e3 Be7 9. Qe2 Bd7 10. Qxc4 b5 11. axb5 axb5 12. Qb3 O-O 13. Rd1 Bd6 14. Bd2 Qe7 15. Nc3 b4 16. Ne2 Rb5 17. Qd3 Rfb8 18. Rdc1 e5 19. dxe5 Nxe5 20. Nxe5 Bxe5 21. Nd4 Bxd4 22. Qxd4 c5 23. Qh4 Qe5 24. b3 g5 25. f4 gxh4 26. fxe5 Ng4 27. Bf1 Be6 28. Bxb5 Rxb5 29. e4 h5 30. Bf4 hxg3 31. hxg3 Bxb3 32. Kg2 Kg7 33. Rh1 Bc2 34. Kf3 b3 35. Rxh5 b2 36. Rg5+ Kf8 37. e6 fxe6 38. Bd6+ Ke8 39. Ra7 Nf6 40. Re7+ Kd8 41. Rf7 Bxe4+ 42. Kf4 b1=Q 43. Be7+ Ke8 44. Rxf6 Kxe7 0-1

[Event "XX Gran Hotel Bali-B 2023"]
[Site "Benidorm"]
[Date "2023.12.06"]
[Round "7.9"]
[White "Alcaraz Soriano, Angela"]
[Black "Ferro Martinez, Damian"]
[Result "1-0"]
[ECO "D24"]
[WhiteElo "1977"]
[BlackElo "1891"]
[Annotator "NA RC"]
[PlyCount "95"]
[EventDate "2023.12.02"]
[EventType "swiss"]
[EventCountry "ESP"]
[SourceTitle "playchess.com"]
[Source "ChessBase"]
[SourceQuality "1"]
[TimeControl "5400+30"]

1. d4 d5 2. c4 e6 3. Nf3 Nf6 4. Bg5 dxc4 5. Nc3 c5 6. e4 cxd4 7. Qxd4 Qxd4 8. Nxd4 a6 9. Bxc4 h6 10. Bxf6 gxf6 11. Rc1 Bd7 12. Ke2 Bc5 13. Rhd1 Nc6 14. Nb3 Ba7 15. a4 Ne5 16. Bd3 Ng4 17. Bb1 Nxf2 18. Rf1 Ng4 19. Na5 Ke7 20. Nd1 Ne5 21. Nxb7 Rab8 22. Nc5 Rhc8 23. Nxd7 Rxc1 24. Nxb8 Rxb1 25. Nxa6 Nc4 26. b4 Ra1 27. a5 Ra2+ 28. Kd3 Ne5+ 29. Kc3 Rxg2 30. Nb2 Nc6 31. Nc4 Nd4 32. Nb6 Nb5+ 33. Kc4 Nd6+ 34. Kd3 Ra2 35. Nc5 Rb2 36. Kc3 Rxh2 37. Rd1 Rh3+ 38. Kc2 h5 39. Rb1 Rh2+ 40. Kd3 Ra2 41. Nca4 h4 42. Rc1 Kd8 43. Rc6 Ra3+ 44. Kc2 Nb5 45. Rc8+ Ke7 46. Rh8 h3 47. Nc5 h2 48. Nc8# 1-0

[Event "XX Gran Hotel Bali-B 2023"]
[Site "Benidorm"]
[Date "2023.12.06"]
[Round "7.10"]
[White "Donate Moreno, David"]
[Black "Santamaria Baeza, Adolfo"]
[Result "0-1"]
[ECO "C28"]
[WhiteElo "1951"]
[BlackElo "1885"]
[Annotator "NA RC"]
[PlyCount "70"]
[EventDate "2023.12.02"]
[EventType "swiss"]
[EventCountry "ESP"]
[SourceTitle "playchess.com"]
[Source "ChessBase"]
[SourceQuality "1"]
[TimeControl "5400+30"]

1. e4 e5 2. Bc4 Nc6 3. d3 Nf6 4. Nc3 Bb4 5. Nge2 d6 6. O-O Bg4 7. f3 Bh5 8. Ng3 Bg6 9. Nd5 Nxd5 10. Bxd5 Bc5+ 11. Kh1 Qd7 12. c3 O-O-O 13. b4 Bb6 14. Qe2 h5 15. a4 a5 16. Be3 h4 17. Bxc6 bxc6 18. Nf5 Bxf5 19. d4 Qe6 20. exf5 Qxf5 21. bxa5 exd4 22. axb6 dxe3 23. a5 Qc5 24. Rfb1 h3 25. b7+ Kb8 26. gxh3 Rxh3 27. Qa6 Rxh2+ 28. Kxh2 Rh8+ 29. Kg2 Qg5+ 30. Kf1 Rh1+ 31. Ke2 Rh2+ 32. Kd3 Qd5+ 33. Kxe3 Qd2+ 34. Ke4 Rh4+ 35. f4 Rxf4# 0-1

[Event "XX Gran Hotel Bali-B 2023"]
[Site "Benidorm"]
[Date "2023.12.06"]
[Round "7.11"]
[White "Ferreruela Romero, Jose Joaquin"]
[Black "Castillo Garcia, Adrian"]
[Result "0-1"]
[ECO "B30"]
[WhiteElo "1877"]
[BlackElo "1974"]
[Annotator "NA"]
[PlyCount "98"]
[EventDate "2023.12.02"]
[EventType "swiss"]
[EventCountry "ESP"]
[SourceTitle "playchess.com"]
[Source "ChessBase"]
[SourceQuality "1"]
[TimeControl "5400+30"]

1. e4 c5 2. Nf3 Nc6 3. Be2 g6 4. c3 Nf6 5. e5 Nd5 6. d4 cxd4 7. cxd4 Bg7 8. O-O O-O 9. Qb3 Nc7 10. Bf4 b6 11. Nc3 d5 12. exd6 Ne6 13. dxe7 Qxe7 14. Nd5 Qd8 15. Rfd1 Na5 16. Qb5 a6 17. Qxb6 Qxd5 18. Bd2 Nc6 19. Rac1 Ncxd4 20. Nxd4 Bxd4 21. Qb4 a5 22. Qxf8+ Kxf8 23. Bf3 Qxf3 24. gxf3 Bxb2 25. Rc2 Bf6 26. Bxa5 Nd4 27. Bb4+ Kg7 28. Rc7 Nxf3+ 29. Kg2 Nh4+ 30. Kg1 Bg4 31. Rdc1 Rxa2 32. R7c2 Ra8 33. Bc3 Nf3+ 34. Kg2 Ne5 35. Bxe5 Bxe5 36. Re1 Ra5 37. Rec1 Bf4 38. Rc5 Ra3 39. R1c3 Ra1 40. R3c4 Bd6 41. Rc1 Ra3 42. R5c3 Ra5 43. Rc6 Rd5 44. R6c2 Rh5 45. Rh1 Bh3+ 46. Kf3 Rf5+ 47. Ke2 Bc5 48. Ke1 Re5+ 49. Re2 Bb4+ 0-1